 Dungeon Crawl Stone Soup version 0.18.1-48-g4cf74bf (webtiles) character file.

338 Heedrag the Conjurer (level 6, -2/32 HPs)
             Began as a Deep Elf Conjurer on Aug 2, 2016.
             Killed from afar by an orc wizard (7 damage)
             ... with a magic dart
             ... on level 4 of the Dungeon.
             The game lasted 00:09:25 (3724 turns).

Heedrag the Conjurer (Deep Elf Conjurer)            Turns: 3724, Time: 00:09:26

Health: -2/32      AC:  3    Str:  7    XL:     6   Next: 29%
Magic:  3/15       EV: 13    Int: 20    God:
Gold:   265        SH:  0    Dex: 15    Spells: 5 memorised, 1 level left

rFire  . . .     SeeInvis .     o - -2 broad axe (curse)
rCold  . . .     Gourm    .     a - +0 robe
rNeg   . . .     Faith    .     (no shield)
rPois  .         Spirit   .     l - +0 helmet
rElec  .         Dismiss  .     (no cloak)
rCorr  .         Reflect  .     (no gloves)
SustAt .         Harm     .     (no boots)
MR     .....                    (no amulet)
Stlth  ++........               (no ring)
                                (no ring)

@: not resistant to hostile enchantments, unstealthy
A: no striking features
a: no special abilities


You were on level 4 of the Dungeon.
You were hungry.

You visited 1 branch of the dungeon, and saw 5 of its levels.

You collected 265 gold pieces.

Inventory:

Hand Weapons
 d - a +0 short sword
 o - a cursed -2 broad axe (weapon)
Armour
 a - a +0 robe (worn)
 l - a +0 helmet (worn)
Scrolls
 g - 2 scrolls of noise {unknown}
 i - a scroll of recharging {unknown}
 p - a scroll of identify {unknown}
 q - a scroll of immolation {unknown}
 r - a scroll of teleportation {unknown}
 s - a scroll of fog {unknown}
 u - a scroll of remove curse {unknown}
Potions
 e - 2 potions of degeneration {unknown}
 h - a potion of curing {unknown}
 j - a potion of resistance {unknown}
 k - 2 potions of heal wounds {unknown}
Books
 b - a book of Conjurations

   Spells                             Type                      Level
   a - Magic Dart                     Conjuration                  1
   b - Searing Ray                    Conjuration                  2
   c - Dazzling Spray                 Conjuration/Hexes            3
   d - Fulminant Prism                Conjuration/Hexes            4
   e - Iskenderun's Mystic Blast      Conjuration                  4
   f - Iskenderun's Battlesphere      Conjuration/Charms           5
 t - a book of Party Tricks

   Spells                             Type                      Level
   a - Summon Butterflies             Summoning                    1
   b - Apportation                    Translocation                1
   c - Tukima's Dance                 Hexes                        3
   d - Alistair's Intoxication        Transmutation/Poison         5
   e - Invisibility                   Hexes                        6
Comestibles
 c - 3 bread rations
 f - 2 meat rations
 m - 2 beef jerkies


   Skills:
 - Level 2.4 Dodging
 - Level 2.4 Stealth
 + Level 5.1 Spellcasting
 * Level 7.4 Conjurations
 + Level 1.3 Charms


You had one spell level left.
You knew the following spells:

 Your Spells              Type           Power        Failure   Level  Hunger
a - Magic Dart            Conj           ####         1%          1    None
b - Dazzling Spray        Conj/Hex       ###...       10%         3    ##.....
c - Iskenderun's Mystic   Conj           #####...     8%          4    ####...
d - Iskenderun's Battles  Conj/Chrm      ###.....     58%         5    #####..
e - Summon Butterflies    Summ           #.......     14%         1    None


Dungeon Overview and Level Annotations

Branches:
Dungeon (5/15)
 Temple: D:4-7

Altars:
Kikubaaqudgha

Shops:
D:4 }

Annotations:
D:5 Eustachio


Message History

* * * LOW HITPOINT WARNIN'
* * * Castin': Dazzlin' Spray Confirm wit' . or Enter, or press ? or * ta list all spells.
Aimin': Dazzlin' Spray
Press: ? - help, Shift-Dir - straight line Tha spray o' energy hits somethin'.
Tha spray o' energy hits tha orc wizard.
Tha orc wizard be severely wounded.
Tha orc wizard be dazzled.
Tha orc wizard barely misses ye.
Tha orc wizard hits ye wit' a dagger.
* * * LOW HITPOINT WARNIN'
* * * Tha orc wizard be nay longer movin' quickly.
Tha orc wizard points at ye an' mumbles some strange words.
Tha magic dart hits somethin'.
Reactivatin' autopickup.
Ye feel a bit more 'sperienced.
Tha orc wizard be nay longer blind.
Tha orc wizard gestures at ye while chantin'.
Tha magic dart hits ye!
Ye die...

###..(.#######....# #.#
.>'....# ####.# #.#
###..).# #.# #.#
.....#.# #.# #.#
####.#.# #.# #.#
.....#o##########.# #.#
.....#.#.<........# #.#
####.#.###############.#
............o...@......#
.#.#.#.#################
...#.#.# ...#.#.#
...#.#.# ...#.#.#
...#.#.# ...#.#.# ...#


You could see an orc wizard.

Vanquished Creatures
  A big kobold (D:3)
  A wasp zombie (D:4)
  A jelly (D:3)
  A worker ant (D:4)
  Robin (D:2)
  6 adders
  A worm (D:3)
  4 dart slugs
  2 giant geckos (D:2)
  5 orcs
  5 giant cockroaches
  16 goblins
  9 hobgoblins
  6 jackals (D:1)
  A quokka (D:2)
  2 ball pythons
  12 bats
  3 giant newts
  11 kobolds
  8 rats
96 creatures vanquished.

Vanquished Creatures (others)
  An orc wizard (D:4)
1 creature vanquished.

Grand Total: 97 creatures vanquished

Notes
Turn   | Place    | Note
--------------------------------------------------------------
     0 | D:1      | Heedrag the Deep Elf Conjurer began the quest for the Orb.
     0 | D:1      | Reached XP level 1. HP: 10/10 MP: 6/6
   125 | D:1      | Reached XP level 2. HP: 15/15 MP: 6/8
   299 | D:1      | Reached skill level 5 in Conjurations
   601 | D:1      | Reached XP level 3. HP: 18/19 MP: 7/9
   606 | D:1      | Learned a level 3 spell: Dazzling Spray
  1087 | D:2      | Found an ancient bone altar of Kikubaaqudgha.
  1469 | D:2      | Reached XP level 4. HP: 14/24 MP: 8/11
  1490 | D:2      | Noticed Robin
  1767 | D:2      | Reached skill level 6 in Conjurations
  1776 | D:2      | Learned a level 4 spell: Iskenderun's Mystic Blast
  1982 | D:2      | Killed Robin
  2643 | D:3      | Reached XP level 5. HP: 28/28 MP: 9/13
  2794 | D:3      | Reached skill level 7 in Conjurations
  2897 | D:3      | Learned a level 5 spell: Iskenderun's Battlesphere
  3049 | D:3      | Reached skill level 5 in Spellcasting
  3138 | D:3      | Learned a level 1 spell: Summon Butterflies
  3216 | D:3      | Reached XP level 6. HP: 32/32 MP: 12/15
  3337 | D:4      | Found Paxe's Gadget Emporium.
  3664 | D:4      | Reached skill level 1 in Charms
  3700 | D:5      | Entered Level 5 of the Dungeon
  3700 | D:5      | Noticed Eustachio
  3724 | D:4      | Killed from afar by an orc wizard

Skill      XL: |  1  2  3  4  5  6 |
---------------+-------------------+-----
Conjurations   | 5 6 7 |  7.4
Spellcasting   | 4 5 |  5.1
Charms         | 1 |  1.3
Dodging        | |  2.4
Stealth        | |  2.4

Action                   |  1- 3 |  4- 6 || total
-------------------------+-------+-------++-------
Melee: Short sword       |     8 |     2 ||    10
       Broad axe         |       |     1 ||     1
 Cast: Magic Dart        |    91 |   126 ||   217
       Dazzling Spray    |       |     4 ||     4
       Iskenderun's Myst |       |     1 ||     1
       Summon Butterflie |       |     1 ||     1
  Eat: Chunk             |     2 |     6 ||     8
Armor: Robe              |    10 |    10 ||    20
Dodge: Dodged            |    18 |    42 ||    60
